 Seeded DCSS version 0.30.1-6-gbe392663c4 (webtiles) character file.

Game seed: 15140874439476535185 (custom seed)

72 Psyclone the Conjurer (level 4, -6/24 HPs)
             Began as a Deep Elf Conjurer on Sept 20, 2023.
             Was an Initiate of Gozag.
             Mangled by an ogre
             ... wielding a +0 giant spiked club
              (30 damage)
             ... on level 3 of the Dungeon.
             The game lasted 00:04:14 (2639 turns).

Psyclone the Conjurer (Deep Elf Conjurer)           Turns: 2639, Time: 00:04:14

Health: -6/24      AC:  2    Str:  4    XL:     4   Next: 7%
Magic:  1/10       EV: 12    Int: 25    God:    Gozag
Gold:   288        SH:  0    Dex: 13    Spells: 6/9 levels left

rFire   . . .        i - +0 rapier
rCold   . . .        (no shield)
rNeg    . . .        a - +0 robe
rPois   .            (no helmet)
rElec   .            (no cloak)
rCorr   .            (no gloves)
SInv    .            (no boots)
Will    .....        (no amulet)
Stlth   ++           (no ring)
HPRegen 0.24/turn    (no ring)
MPRegen 0.12/turn

%: no passive effects
@: no status effects
A: no striking features
a: Renounce Religion, Potion Petition, Call Merchant, Bribe Branch


You were on level 3 of the Dungeon.
You worshipped Gozag.
Gozag was aware of your devotion.
You visited 1 branch of the dungeon, and saw 3 of its levels.

You collected 312 gold pieces.
You paid 24 gold pieces to Gozag.

Inventory:

Hand Weapons
 i - a +0 rapier (weapon)
Armour
 a - a +0 robe (worn)
Jewellery
 p - a ring of ice
Scrolls
 c - 2 scrolls of teleportation {unknown}
 d - 2 scrolls of fog {unknown}
 f - 2 scrolls of fear {unknown}
 j - a scroll of vulnerability {unknown}
 k - a scroll of identify {unknown}
 n - a scroll of noise {unknown}
Potions
 b - 4 potions of magic
 e - a potion of ambrosia {unknown}
 g - 3 potions of curing {unknown}
 h - 2 potions of resistance {unknown}
 l - a potion of mutation {unknown}
 m - 2 potions of heal wounds {unknown}
 o - a potion of degeneration {unknown}
 q - a potion of invisibility {unknown}


   Skills:
 - Level 2.4 Dodging
 - Level 2.4 Stealth
 - Level 3.0 Spellcasting
 + Level 6.2 Conjurations


You had 6 spell levels left.
You knew the following spells:

 Your Spells              Type           Power      Damage    Failure   Level
a - Magic Dart            Conj           100%       1d8       1%          1
b - Searing Ray           Conj           70%        2d7       1%          2

Your spell library contained the following spells:

 Spells                   Type           Power      Damage    Failure   Level
 Dazzling Flash           Conj/Hex       38%        N/A       9%          3
 Sublimation of Blood     Necr           3%         N/A       16%         2
 Wereblood                Tmut           3%         N/A       16%         2
 Fulminant Prism          Conj/Hex       9%         3d7       28%         4
 Iskenderun's Mystic Bla  Conj/Tloc      19%        2d6       28%         4
 Summon Hydra             Summ           1%         N/A       100%        7


Dungeon Overview and Level Annotations

Branches:
Dungeon (3/15) Zot: 15297

Altars:
Gozag


Message History

The magic dart hits the ogre but does no damage.
You now have 9/10 mp.
Casting: Magic Dart (safe; 1% risk of failure)
Confirm with . or Enter, or press ? or * to list all spells.
Aiming: Magic Dart (safe; 1% risk of failure)
Press: ? - help, Shift-Dir - straight line, f/p - ogre
Aim: an ogre, wielding a +0 giant spiked club (100% to hit)
The magic dart hits the ogre but does no damage.
You now have 8/10 mp.
Casting: Magic Dart (safe; 1% risk of failure)
Confirm with . or Enter, or press ? or * to list all spells.
Aiming: Searing Ray (safe; 1% risk of failure)
Press: ? - help, Shift-Dir - straight line, f/p - ogre
Aim: an ogre, wielding a +0 giant spiked club (91% to hit)
The searing ray hits the ogre!
The ogre is moderately wounded. (Press . to maintain the ray.)
You now have 6/10 mp.
The searing ray hits the ogre.
The ogre is heavily wounded.
You now have 5/10 mp.
The searing ray hits the ogre!
The ogre is severely wounded.
The ogre barely misses you.
You now have 4/10 mp.
The searing ray hits the ogre.
The ogre is severely wounded.
You finish channelling your searing ray.
You now have 3/10 mp.
Casting: Searing Ray (safe; 1% risk of failure)
Confirm with . or Enter, or press ? or * to list all spells.
Aiming: Searing Ray (safe; 1% risk of failure)
Press: ? - help, Shift-Dir - straight line, f/p - ogre
Aim: an ogre, wielding a +0 giant spiked club (severely wounded, 91% to hit)
The searing ray misses the ogre. (Press . to maintain the ray.)
The ogre hits you with a +0 giant spiked club!!
Ouch! That really hurt!
You die...
Your body crumbles into a pile of gold.

..##..............
..................
..#...........###.
#..........#####
.....#...#<.......
....##...#........
....##...#....####
... #..O>....## ..
##.@.......
#...##..## #...#
...# #...# #..#
#...# .. #####


You could see an ogre.

Vanquished Creatures
  An adder (D:2)
  A worm (D:2)
  5 dart slugs
  3 ball pythons
  2 bats
  9 endoplasms
  2 goblins (D:1)
  7 hobgoblins
  5 kobolds
  A quokka (D:2)
  2 frilled lizards
  10 rats
48 creatures vanquished.

Notes
Turn   | Place    | Note
-------+----------+-------------------------------------------
     0 | D:1      | Psyclone the Deep Elf Conjurer began the quest for the Orb.
     0 | D:1      | Reached XP level 1. HP: 10/10 MP: 6/6
   162 | D:1      | Reached XP level 2. HP: 15/15 MP: 0/8
   247 | D:1      | Reached skill level 5 in Conjurations
   337 | D:2      | Found an opulent altar of Gozag.
   342 | D:2      | Found a faded altar of an unknown god.
   345 | D:2      | Became a worshipper of Gozag Ym Sagoz the Greedy
   404 | D:1      | Learned a level 2 spell: Searing Ray
   594 | D:1      | Reached XP level 3. HP: 19/19 MP: 4/9
  1757 | D:2      | Reached skill level 6 in Conjurations
  2353 | D:2      | Reached XP level 4. HP: 24/24 MP: 4/10
  2632 | D:3      | Noticed an ogre
  2639 | D:3      | Mangled by an ogre

Illustrated notes

Levels and vault maps discovered:
D:1:      lightli_arrival_isolated_outpost, layout_basic
D:2:      minmay_alternating_diamond, layout_basic, basic_altar,
          basic_ecumenical_altar, serial_forest, infiniplex_forest_end_2,
          infiniplex_forest_clump_curved, infiniplex_forest_lined_2,
          infiniplex_forest_pool, infiniplex_forest_lined_3,
          infiniplex_forest_clump_curved
D:3:      layout_rooms, led_sif_pool, serial_shops,
          nicolae_shop_window_shopping, shop, shop,
          nicolae_shop_just_a_little_nook, nicolae_shop_real_fake_doors,
          minmay_misc_feat_x, st_stairs_9, uniq_grinder

Skill      XL: |  1  2  3 |
---------------+----------+-----
Conjurations   | 5 6 |  6.2
Dodging        | |  2.4
Stealth        | |  2.4
Spellcasting   | |  3.0

Action                     |  1- 3 |  4- 6 || total
---------------------------+-------+-------++-------
   Cast: Magic Dart        |    97 |     5 ||   102
         Searing Ray       |       |     2 ||     2
 Armour: Robe              |     1 |       ||     1
  Dodge: Dodged            |     5 |     1 ||     6
